 Dungeon Crawl Stone Soup version 0.27.1-33-g824d729ab1 (webtiles) character file.

Game seed: 8005352721399859407

78 zeram the Sneak (level 4, -1/29 HPs)
             Began as an Octopode Brigand on Dec 21, 2021.
             Slain by a gnoll (10 damage)
             ... on level 2 of the Dungeon.
             The game lasted 00:02:11 (1750 turns).

zeram the Sneak (Octopode Brigand)                  Turns: 1750, Time: 00:02:12

Health: -1/29      AC:  1    Str: 10    XL:     4   Next: 36%
Magic:  4/4        EV: 13    Int: 14    God:
Gold:   34         SH:  0    Dex: 13    Spells: 3/3 levels left

rFire    . . .     SeeInvis .   a - +2 dagger
rCold    . . .     Faith    .   (no shield)
rNeg     . . .     Spirit   .   (helmet restricted)
rPois    .         Reflect  .   (no amulet)
rElec    .         Harm     .   (no ring)
rCorr    .         Rampage  .   (no ring)
Will     .....                  (no ring)
Stlth    +++++.....             (no ring)
HPRegen  0.09/turn              (no ring)
MPRegen  0.09/turn              (no ring)
                                (no ring)
                                (no ring)

@: no status effects
A: almost no armour, amphibious, 8 rings, camouflage 1, gelatinous body 1,
(nimble swimmer 1), tentacles
a: no special abilities


You were on level 2 of the Dungeon.
You visited 1 branch of the dungeon, and saw 3 of its levels.

You collected 34 gold pieces.

Inventory:

Hand Weapons
 a - a +2 dagger (weapon)
Missiles
 b - 8 poisoned darts (quivered)
 c - 2 curare-tipped darts
 f - 2 throwing nets
Wands
 g - a wand of mindburst (16)
Scrolls
 d - a scroll of identify {unknown}
 e - a scroll of enchant armour {unknown}


   Skills:
 - Level 2.0 Fighting
 - Level 2.0 Short Blades
 - Level 2.0 Throwing
 + Level 1.4 Dodging
 + Level 7.7 Stealth


You had 3 spell levels left.
You didn't know any spells.
Your spell library contained the following spells:

 Spells                   Type           Power      Damage    Failure   Level
 Sublimation of Blood     Necr           0%         N/A       41%         2
 Petrify                  Tmut/Erth      0%         N/A       96%         4
 Irradiate                Conj/Tmut      0%         3d13      100%        5


Dungeon Overview and Level Annotations

Branches:
Dungeon (3/15)

Altars:


Innate Abilities, Weirdness & Mutations

You cannot wear most types of armour.
You are amphibious.
You can wear up to eight rings at the same time.
Your skin changes colour to match your surroundings (Stealth+).
Your rubbery body absorbs attacks. (AC +1, EV +1)
((You are camouflaged near water. (Stealth+)))
You have tentacles for arms and can constrict up to eight enemies at once.


Message History

The giant cockroach is heavily wounded.
You constrict the giant cockroach. The giant cockroach misses you.
You hit the giant cockroach.
The giant cockroach is almost dead.
You constrict the giant cockroach.
You kill the giant cockroach!
You start resting.
A rat comes into view.
A rat is nearby!
You start resting.
A rat is nearby!
You are too injured to fight recklessly!
You are too injured to fight recklessly!
You hit the rat. You grab the rat. You squeeze the rat.
You kill the rat!
You start resting.
HP restored.
There is a stone staircase leading up here.
You climb upwards.
The gnoll shouts!
The gnoll barely misses you.
There is a stone staircase leading down here.
You hit the gnoll. You grab the gnoll.
The gnoll is lightly wounded.
You constrict the gnoll, but do no damage.
The gnoll closely misses you. The gnoll barely misses you.
You hit the gnoll but do no damage.
The gnoll is lightly wounded.
You constrict the gnoll. The gnoll barely misses you.
The gnoll hits you with a +0 flail!
You hit the gnoll.
The gnoll is heavily wounded.
You constrict the gnoll. The gnoll hits you with a +0 club.
The gnoll closely misses you.
You are too injured to fight recklessly!
You hit the gnoll.
The gnoll is almost dead.
You constrict the gnoll. The gnoll hits you with a +0 club.
The gnoll hits you with a +0 flail!
You die...

......... .............#.##
.#......#. #..............##
...#..# ..##...............#
.....#####.. #....(..##.#.
†.#....#.... #.............
............####.............
....................#........
.#†..............g..#.#####..
.#....<.........@g..#.# .
.##.................#.#
.###...#............#.#
...........#...........
....########........#...
...## ##.......#... ...#
#.......# .. #### #.......#
#####.....##


You could see 2 gnolls.

Vanquished Creatures
  3 adders
  A worm (D:2)
  A dart slug (D:1)
  6 endoplasms
  A giant cockroach (D:3)
  6 hobgoblins
  6 kobolds
  4 quokkas (D:1)
  3 ball pythons
  3 frilled lizards
  6 goblins
  2 rats
42 creatures vanquished.

Notes
Turn   | Place    | Note
-------+----------+-------------------------------------------
     0 | D:1      | zeram the Octopode Brigand began the quest for the Orb.
     0 | D:1      | Reached XP level 1. HP: 14/14 MP: 1/1
   166 | D:1      | Reached skill level 6 in Stealth
   166 | D:1      | Reached XP level 2. HP: 19/19 MP: 2/2
   426 | D:1      | Noticed a shining eye
   430 | D:1      | Found a faded altar of an unknown god.
   436 | D:1      | Noticed a floating eye
   442 | D:1      | Reached XP level 3. HP: 20/24 MP: 3/3
   494 | D:1      | Noticed a shining eye
   497 | D:1      | Noticed a great orb of eyes
   845 | D:1      | Reached skill level 7 in Stealth
  1206 | D:2      | Reached XP level 4. HP: 25/29 MP: 4/4
  1750 | D:2      | Slain by a gnoll

Illustrated notes

Levels and vault maps discovered:
D:1:      wander_arrival_lonely_grave, layout_loops_cross,
          hellmonk_ecumenical_altar_watching_god
D:2:      layout_rooms
D:3:      layout_loops_corners

Skill      XL: |  1  2  3 |
---------------+----------+-----
Stealth        | 6 7 |  7.7
Fighting       | |  2.0
Short Blades   | |  2.0
Throwing       | |  2.0
Dodging        | |  1.4

Action                   |  1- 3 |  4- 6 || total
-------------------------+-------+-------++-------
Melee: Dagger            |    69 |    26 ||    95
       Constrict         |    16 |     7 ||    23
       Tentacles         |     6 |     4 ||    10
 Stab: Sleeping          |    10 |     1 ||    11
       Distracted        |     1 |     1 ||     2
Armor: Skin              |     1 |     1 ||     2
Dodge: Dodged            |    37 |    20 ||    57
